 Dungeon Crawl Stone Soup version 0.30.1-5-ged363bc7ee (webtiles) character file.

Game seed: 849956512748410602

177 Arctor the Ruffian (level 5, -3/42 HPs)
             Began as a Draconian Transmuter on Sept 19, 2023.
             Killed by miscasting Spider Form (11 damage)
             ... on level 3 of the Dungeon.
             The game lasted 00:02:37 (2745 turns).

Arctor the Ruffian (Draconian Transmuter)           Turns: 2745, Time: 00:02:37

Health: -3/42      AC:  5    Str: 12    XL:     5   Next: 30%
Magic:  3/9        EV: 12    Int: 16    God:
Gold:   120        SH:  0    Dex: 11    Spells: 5/9 levels left

rFire   + .          .
                       - Unarmed
rCold   . . .        (no shield)
rNeg    . . .        (body armour unavailable)
rPois   .            (helmet currently unavailable)
rElec   .            (no cloak)
rCorr   .            (no gloves)
SInv    .            (boots currently unavailable)
Will    .....        (no amulet)
Stlth   +            c - ring of protection from fire
HPRegen 0.27/turn    (no ring)
MPRegen 0.11/turn

%: no passive effects
@: lethally poisoned (-3 -> -9), appendages (expiring), very slightly
contaminated
A: horns 2, talons 2, AC +5, unfitting armour, cold-blooded
a: End Transformation


You were on level 3 of the Dungeon.
You had temporarily grown beastly horns and talons.
You visited 1 branch of the dungeon, and saw 3 of its levels.

You collected 120 gold pieces.

Inventory:

Missiles
 e - 5 poisoned darts
 l - 2 throwing nets
Armour
 d - a +0 pair of boots
Jewellery
 c - a ring of protection from fire (left hand)
Wands
 k - a wand of paralysis (8)
Scrolls
 b - 3 scrolls of identify {unknown}
 h - a scroll of noise {unknown}
 i - a scroll of magic mapping {unknown}
 j - 3 scrolls of fog {unknown}
 m - 2 scrolls of enchant weapon {unknown}
 o - a scroll of enchant armour {unknown}
Potions
 a - 2 potions of lignification
 f - 3 potions of curing {unknown}
 g - a potion of might {unknown}
 n - 2 potions of invisibility {unknown}
 p - 2 potions of heal wounds {unknown}
 q - a potion of degeneration {unknown}


   Skills:
 + Level 2.5 Fighting
 + Level 2.7 Dodging
 + Level 3.8 Unarmed Combat
 + Level 2.9 Spellcasting
 + Level 3.0 Transmutations


You had 5 spell levels left.
You knew the following spells:

 Your Spells              Type           Power      Damage    Failure   Level
a - Beastly Appendage     Tmut           24%        N/A       5%          1
b - Spider Form           Tmut/Pois      7%         N/A       30%         3

Your spell library contained the following spells:

 Spells                   Type           Power      Damage    Failure   Level
 Wereblood                Tmut           12%        N/A       9%          2
 Summon Guardian Golem    Hex/Summ       2%         N/A       50%         3
 Ice Form                 Ice/Tmut       7%         N/A       69%         4
 Orb of Destruction       Conj           1%         9d5       100%        7
 Spellforged Servitor     Conj/Summ      1%         N/A       100%        7


Dungeon Overview and Level Annotations

Branches:
Dungeon (3/15)

Altars:
Zin


Innate Abilities, Weirdness & Mutations

You have temporarily grown beastly horns and talons.
Your plain brown scales are hard. (AC +5)
You cannot fit into any form of body armour.
You are cold-blooded and may be slowed by cold attacks.


Message History

You barely miss the ice beast. You claw the ice beast.
The ice beast is lightly wounded.
The bat hits you. The ice beast barely misses you.
Unknown command.
You hit the ice beast.
You claw the ice beast, but do no damage.
Your tail-slap misses the ice beast.
The ice beast is moderately wounded.
The bat hits you but does no damage. The bat closely misses you.
The ice beast hits you. The ice beast freezes you!
You hit the bat.
You kill the bat!
The ice beast hits you but does no damage.
The hobgoblin closely misses you.
You barely miss the hobgoblin.
You claw the hobgoblin, but do no damage.
You tail-slap the hobgoblin.
The hobgoblin is almost dead.
You barely miss the hobgoblin. Your kick misses the hobgoblin.
Your headbutt misses the hobgoblin.
The hobgoblin is almost dead.
The ice beast misses you. The hobgoblin barely misses you.
You hit the hobgoblin.
You kill the hobgoblin!
The ice beast hits you but does no damage.
Casting: Beastly Appendage (safe; 5% risk of failure)
Confirm with . or Enter, or press ? or * to list all spells.
The spell is quite dangerous to miscast (30% risk of failure)!
Continue anyway?
You miscast Spider Form.
You are very lightly contaminated with residual magic.
Nothing appears to happen.
Your transformation is almost over.
The ice beast hits you. The ice beast freezes you!
* * * LOW HITPOINT WARNING * * *
Casting: Spider Form (quite dangerous; 30% risk of failure)
Confirm with . or Enter, or press ? or * to list all spells.
The spell is quite dangerous to miscast (30% risk of failure)!
Continue anyway?
You miscast Spider Form.
You feel incredibly sick!
You are poisoned.
You die...

############.###...>.
#.......## ####
####.#### #...# #.# #
#..#..# #.# .#.. #..#
#.# ##). .##..##.#
#.†##...##..#.#
#.@Y.....##.).#
#.?##...##..###
##..## ##..##
#.#..###).#.#
##.#..#).#.##
#.#.#.†.#.#.#
#############


You could see an ice beast.

Vanquished Creatures
  5 adders
  4 gnolls (D:2)
  3 worms (D:2)
  A dart slug (D:3)
  An orc (D:3)
  6 bats
  9 endoplasms
  5 giant cockroaches
  7 hobgoblins
  5 jackals
  3 quokkas
  6 ball pythons
  2 frilled lizards
  6 goblins
  10 kobolds
  2 rats
75 creatures vanquished.

Notes
Turn   | Place    | Note
-------+----------+-------------------------------------------
     0 | D:1      | Arctor the Draconian Transmuter began the quest for the
                  | Orb.
     0 | D:1      | Reached XP level 1. HP: 16/16 MP: 3/3
   226 | D:1      | Reached XP level 2. HP: 20/23 MP: 3/5
   315 | D:1      | Found a faded altar of an unknown god.
   826 | D:2      | Reached XP level 3. HP: 28/29 MP: 4/6
  1374 | D:2      | Reached XP level 4. HP: 36/36 MP: 5/7
  1716 | D:2      | Identified the +2 leather armour of the Barnacle {rF+
                  | Int+5}
  1873 | D:3      | Learned a level 3 spell: Spider Form
  2195 | D:3      | Reached XP level 5. HP: 42/42 MP: 9/9
  2408 | D:3      | Found a glowing silver altar of Zin.
  2408 | D:3      | Noticed an angel
  2735 | D:3      | Noticed an ice beast
  2745 | D:3      | Killed by miscasting Spider Form

Illustrated notes

Levels and vault maps discovered:
D:1:      evilmike_arrival_hilbert_curve, layout_basic,
          ebering_ecumenical_altar_abandoned, chequers_serial_rivers_micro_c,
          feat_on_display
D:2:      kennysheep_big_flooded_room, layout_loops_ring,
          minmay_misc_feat_nine_boxes
D:3:      minmay_diamond_boxcup, layout_loops_ring, zin_angel

Skill      XL: |  1  2  3  4  5 |
---------------+----------------+-----
Dodging        | 2 |  2.7
Fighting       | 2 |  2.5
Transmutations | 3 |  3.0
Unarmed Combat | |  3.8
Spellcasting   | |  2.9

Action                     |  1- 3 |  4- 6 || total
---------------------------+-------+-------++-------
  Melee: Unarmed           |   107 |    83 ||   190
         Kick              |    23 |    24 ||    47
         Tailslap          |    10 |    13 ||    23
         Punch             |     3 |     2 ||     5
         Headbutt          |    12 |    19 ||    31
   Cast: Beastly Appendage |    25 |    22 ||    47
   Stab: Sleeping          |     1 |       ||     1
         Distracted        |       |     1 ||     1
 Armour: Skin              |    42 |    31 ||    73
  Dodge: Dodged            |    83 |    58 ||   141
